 Dungeon Crawl Stone Soup version 0.30-a0-373-gd37427bb62 (webtiles) character file.

Game seed: 12453157621448303472

30865 NinjaNoafa the Severer (level 13, -18/107 HPs)
             Began as a Minotaur Fighter on Nov 23, 2022.
             Was an Initiate of Gozag.
             Engulfed by a cloud of flame (20 damage)
             ... on level 5 of the Lair of Beasts.
             The game lasted 00:27:00 (14426 turns).

NinjaNoafa the Severer (Minotaur Fighter)          Turns: 14426, Time: 00:27:01

Health: -18/107    AC: 21    Str: 25    XL:     13   Next: 22%
Magic:  16/16      EV: 10    Int:  5    God:    Gozag
Gold:   1783       SH: 17    Dex: 17    Spells: 12/12 levels left

rFire   . . .      SeeInvis .    K - +6 eveningstar (protect)
rCold   . . .      Faith    .    G - +0 kite shield
rNeg    . . .      Spirit   .    u - +0 plate armour
rPois   .          Reflect  +    (helmet restricted)
rElec   .          Harm     .    (no cloak)
rCorr   .          Rampage  .    (no gloves)
Will    .....                    E - +0 pair of boots
Stlth   ..........               j - amulet of reflection
HPRegen 0.37/turn                l - +4 ring of slaying
MPRegen 0.15/turn                q - +6 ring of dexterity

@: gold aura, under a protective aura, studying Dodging
A: horns 2, retaliatory headbutt
a: Renounce Religion, Potion Petition, Call Merchant, Bribe Branch


You were on level 5 of the Lair of Beasts.
You worshipped Gozag.
Gozag was most pleased with you.
You visited 3 branches of the dungeon, and saw 16 of its levels.

You collected 2073 gold pieces.
You paid 290 gold pieces to Gozag.

Inventory:

Hand Weapons
 K - a +6 eveningstar of protection (weapon)
Missiles
 a - 5 curare-tipped darts
 e - 119 stones
 i - 2 boomerangs
 y - 20 poisoned darts
 B - 5 silver javelins
 J - 2 javelins (quivered)
Armour
 u - a +0 plate armour (worn)
 E - a +0 pair of boots (worn)
 G - a +0 kite shield (worn)
Jewellery
 j - an amulet of reflection (around neck)
 l - a +4 ring of slaying (left hand)
 q - a +6 ring of dexterity (right hand)
 D - a ring of fire
 I - a ring of resist corrosion
Wands
 c - a wand of digging (6)
 n - a wand of polymorph (19)
 H - a wand of flame (23)
 M - a wand of mindburst (9)
Scrolls
 b - 3 scrolls of noise
 f - 3 scrolls of blinking
 g - 2 scrolls of poison
 m - 2 scrolls of butterflies
 o - 10 scrolls of teleportation
 s - a scroll of torment {unknown}
 v - a scroll of acquirement {unknown}
 x - a scroll of fear {unknown}
 F - 2 scrolls of silence
 L - a scroll of vulnerability
 N - a scroll of magic mapping {unknown}
Potions
 d - 3 potions of might
 h - a potion of curing
 k - 4 potions of brilliance
 r - a potion of invisibility
 t - 3 potions of degeneration
 w - 3 potions of mutation
 z - a potion of lignification
 A - 3 potions of flight
 C - 2 potions of haste


   Skills:
 - Level 8.0 Fighting
 - Level 16.0(17.2) Axes
 + Level 10.7(14.6) Maces & Flails
 - Level 8.0 Armour
 - Level 8.0 Dodging
 - Level 10.0 Shields
 - Level 5.7 Invocations
 - Level 8.0 Evocations


You had 12 spell levels left.
You didn't know any spells.
Your spell library contained the following spells:

 Spells                   Type           Power      Damage    Failure   Level
 Apportation              Tloc           0%         N/A       100%        1
 Slow                     Hex            0%         N/A       100%        1
 Confusing Touch          Hex            0%         N/A       100%        3
 Frozen Ramparts          Ice            0%         1d1       100%        3
 Ozocubu's Armour         Ice            0%         N/A       100%        3
 Tukima's Dance           Hex            0%         N/A       100%        3
 Vampiric Draining        Necr           0%         2d6       100%        3
 Ice Form                 Ice/Tmut       0%         N/A       100%        4
 Passage of Golubria      Tloc           0%         N/A       100%        4
 Summon Ice Beast         Ice/Summ       0%         N/A       100%        4
 Alistair's Intoxication  Tmut/Pois      0%         N/A       100%        5
 Metabolic Englaciation   Hex/Ice        0%         N/A       100%        5
 Yara's Violent Unravell  Hex/Tmut       0%         3d3       100%        5
 Simulacrum               Ice/Necr       Unusable   N/A       N/A         6

Dungeon Overview and Level Annotations

Branches:
Dungeon (10/15)            Temple (1/1) D:4            Lair (5/5) D:9
  Swamp (0/4) Lair:3       Spider (0/4) Lair:2        Slime (0/5) Lair:5
    Orc: D:9-12

Altars:
Ashenzari
Cheibriados
Dithmenos
Elyvilon
Gozag
Hepliaklqana
Kikubaaqudgha
Makhleb
Nemelex Xobeh
Okawaru
Qazlal
Ru
Sif Muna
Uskayaw
Vehumet
Wu Jian
Xom
Yredelemnul
Zin
The Shining One


Innate Abilities, Weirdness & Mutations

You have a pair of horns on your head.
You reflexively headbutt those who attack you in melee.


Message History

You hear an explosion!
You feel a bit more experienced.
You hear an explosion!
You smell burning wood.
You feel a bit more experienced.
You hear a splash.
You feel a bit more experienced.
You hear an explosion!
You smell burning wood.
You block the elephant's attack. x2
The elephant is engulfed in blazing flames.
Flame seeps out of the elephant.
The elephant is engulfed in blazing flames.
Flame seeps out of the elephant.
The basilisk hisses menacingly.
You hear a deafening roar!
You hear a bleat!
You sock the elephant!
Flame seeps out of the elephant.
Your weapon exudes an aura of protection.
The elephant is almost dead.
The elephant tramples you.
You hold your ground!
The elephant trunk-slaps you but does no damage.
The elephant is engulfed in blazing flames.
Flame seeps out of the elephant.
The elephant tramples you but does no damage.
You block the elephant's attack.
You hit the elephant.
The elephant explodes!
The fiery explosion engulfs the elephant!
Flame seeps out of the elephant.
The elephant is moderately wounded.
The fiery explosion engulfs you!!
* * * LOW HITPOINT WARNING * * *
The fiery explosion engulfs the basilisk!!!
The basilisk explodes!
The fiery explosion engulfs you!
* * * LOW HITPOINT WARNING * * *
The fiery explosion engulfs the elephant!!
Flame seeps out of the elephant.
The elephant is heavily wounded.
You are engulfed in blazing flames.
You die...
Your body crumbles into a pile of gold.

..~≈~kl.♣........
§°§§§.$......
♣§°§§.$$....#
♣§$#..P.....
##############§§Y.......
...........PP..$.....$..
............$.$°§§§..$..
..............§○Y§§..#..
...............§@§.≈§§#.
.............$.$..≈≈≈§..
$
.............$....≈≈≈≈..
...................≈≈≈..
..................§###..
..................#####.
...#.....§§P...P..P##.#.
#...#.≈≈≈≈..............
......≈≈≈≈.


You could see 2 elephants.

Vanquished Creatures
  2 hydras
  Erica (Lair:2)
  A boulder beetle (Lair:1)
  A centaur warrior (D:9)
  3 death yaks (Lair:3)
  Urug (Lair:2)
  A deep troll (D:9)
  Pikel (D:6)
  The ghost of FalseProphet the Conjurer, a novice DsCj (D:5)
  A wolf spider (D:9)
  2 cyclopes (D:9)
  A black mamba (Lair:3)
  8 cane toads
  8 elephants
  A rime drake (Lair:5)
  A kobold demonologist (D:9)
  7 komodo dragons
  A hornet (D:9)
  3 trolls
  A tyrant leech (Lair:3)
  2 polar bears
  A hornet (shapeshifter) (D:9)
  13 blink frogs
  A shadow (D:10)
  15 yaks
  A wraith (D:10)
  3 wyverns
  A vampire (D:10)
  7 basilisks
  A steam dragon (D:7)
  3 swamp worms (Lair:3)
  Edmund (D:5)
  2 acid dragons
  10 water moccasins
  An orc warrior (D:8)
  2 swamp drakes (Lair:5)
  2 ice beasts
  An ogre (D:4)
  A black bear (D:9)
  4 centaurs
  15 wolves
  3 lemures (D:6)
  2 phantoms (D:4)
  The ghost of Encipher the Changer, an amateur OpTm (D:3)
  3 gnoll sergeants
  8 bullfrogs
  2 necrophages
  4 scorpions
  4 wights (D:8)
  9 killer bees
  2 electric eels (Lair:4)
  3 howler monkeys
  6 hounds
  15 jellies
  3 orc priests
  2 gnoll boudas
  6 iguanas
  17 orc wizards
  6 hell rats (Lair:2)
  2 centaur simulacra (D:9)
  27 gnolls
  12 adders
  2 shadow imps
  A white imp (D:3)
  4 ufetubi
  3 worms
  2 dart slugs
  36 orcs
  9 endoplasms
  3 giant cockroaches
  6 goblins
  4 hobgoblins
  A jackal (D:4)
  5 quokkas
  6 ball pythons
  4 bats
  3 frilled lizards
  A goblin skeleton (D:3)
  2 goblin zombies (D:3)
  6 kobolds
  An orc skeleton (D:3)
  2 orc zombies (D:3)
  3 rats
374 creatures vanquished.

Vanquished Creatures (others)
  An iguana (D:7)
  46 fungi
  66 plants
113 creatures vanquished.

Grand Total: 487 creatures vanquished

Notes
Turn   | Place    | Note
-------+----------+-------------------------------------------
     0 | D:1      | NinjaNoafa the Minotaur Fighter began the quest for the
                  | Orb.
     0 | D:1      | Reached XP level 1. HP: 19/19 MP: 0/0
   166 | D:1      | Reached skill level 3 in Axes
   227 | D:1      | Reached XP level 2. HP: 25/26 MP: 1/1
   626 | D:1      | Reached skill level 4 in Axes
   879 | D:1      | Reached XP level 3. HP: 31/31 MP: 2/2
  1066 | D:2      | Found a radiant altar of Vehumet.
  1180 | D:2      | Reached skill level 5 in Axes
  1180 | D:2      | Reached XP level 4. HP: 31/39 MP: 3/3
  1600 | D:3      | Reached skill level 6 in Axes
  1688 | D:3      | Found a broken altar of Ashenzari.
  1717 | D:3      | Found an ancient bone altar of Kikubaaqudgha.
  1961 | D:3      | Reached XP level 5. HP: 45/45 MP: 4/4
  1999 | D:3      | Found a glowing golden altar of the Shining One.
  2021 | D:3      | Became a worshipper of the Shining One
  2084 | D:3      | Found a transporter.
  2221 | D:3      | Found a transporter.
  2259 | D:4      | Noticed a phantom
  2269 | D:4      | Killed a phantom
  2270 | D:4      | Reached skill level 7 in Axes
  2293 | D:4      | Found a staircase to the Ecumenical Temple.
  2305 | Temple   | Entered the Ecumenical Temple
  2528 | D:4      | Reached XP level 6. HP: 51/51 MP: 5/5
  2596 | D:4      | Reached skill level 8 in Axes
  2660 | D:4      | Found a white marble altar of Elyvilon.
  2812 | D:4      | Reached skill level 9 in Axes
  2821 | D:4      | Reached XP level 7. HP: 56/57 MP: 6/6
  2976 | D:4      | Found a shimmering altar of Xom.
  2976 | D:4      | Found a hazy altar of Hepliaklqana.
  2976 | D:4      | Found a snail-covered altar of Cheibriados.
  2976 | D:4      | Found a burning altar of Makhleb.
  2976 | D:4      | Reached * piety under the Shining One
  2987 | D:4      | Found a sacrificial altar of Ru.
  2991 | D:4      | Found a basalt altar of Yredelemnul.
  3072 | D:4      | Reached skill level 10 in Axes
  3357 | D:5      | Entered Level 5 of the Dungeon
  3359 | D:5      | Identified the +1 robe of the Comet {rF- rC+ Regen+ rCorr}
  3411 | D:5      | Reached skill level 11 in Axes
  3421 | D:5      | Reached XP level 8. HP: 56/64 MP: 7/7
  3490 | D:5      | Noticed Edmund
  3498 | D:5      | Killed Edmund
  3499 | D:5      | Reached skill level 12 in Axes
  3700 | D:5      | Found a runed translucent door.
  3706 | D:5      | Noticed FalseProphet's ghost (novice DsCj)
  4231 | D:6      | Reached skill level 13 in Axes
  4471 | D:6      | Noticed Pikel
  4485 | D:6      | HP: 2/64 [orc priest/divine providence (17)]
  4494 | D:6      | HP: 2/64 [iguana (2)]
  4536 | D:6      | Killed Pikel
  4537 | D:6      | Reached skill level 14 in Axes
  4537 | D:6      | Reached XP level 9. HP: 52/70 MP: 8/8
  4843 | D:7      | Reached ** piety under the Shining One
  4987 | D:7      | Reached skill level 15 in Axes
  5932 | D:3      | Noticed Encipher's ghost (amateur OpTm)
  5940 | D:3      | Killed Encipher's ghost
  6130 | D:5      | Reached skill level 16 in Axes
  6138 | D:5      | Killed FalseProphet's ghost
  6139 | D:5      | Reached skill level 5 in Dodging
  6478 | D:8      | Found a glowing silver altar of Zin.
  6614 | D:8      | Reached XP level 10. HP: 45/77 MP: 9/9
  7178 | D:9      | HP: 4/80 [poisoned by a water moccasin]
  7180 | D:9      | Lost intelligence.
  7185 | D:9      | Noticed a smoke demon
  7189 | D:8      | Reached skill level 5 in Fighting
  7189 | D:8      | Reached skill level 5 in Armour
  7189 | D:8      | Reached skill level 5 in Shields
  7368 | D:9      | Reached skill level 1 in Invocations
  7399 | D:9      | Found a staircase to the Lair.
  7685 | D:9      | Noticed a centaur warrior
  7692 | D:9      | Killed a centaur warrior
  7798 | D:9      | Noticed a cyclops
  7800 | D:9      | Noticed a cyclops
  7804 | D:9      | Killed a cyclops
  7804 | D:9      | Noticed a deep troll
  7804 | D:9      | Reached *** piety under the Shining One
  7807 | D:9      | Killed a cyclops
  7810 | D:9      | Killed a deep troll
  7811 | D:9      | Reached XP level 11. HP: 60/89 MP: 13/13
  7899 | D:9      | Paralysed by a hornet for 3 turns
  7907 | D:9      | Reached skill level 5 in Invocations
  8200 | D:9      | Found an ornate altar of the Wu Jian Council.
  8398 | D:10     | Entered Level 10 of the Dungeon
  8615 | D:10     | Found an opulent altar of Gozag.
  8659 | D:10     | Fell from the grace of the Shining One
  8659 | D:10     | Became a worshipper of Gozag Ym Sagoz the Greedy
  9094 | D:10     | Noticed a wolf spider
  9094 | D:10     | Noticed a skeletal warrior
  9094 | D:10     | Noticed a harpy
  9106 | D:9      | Killed a wolf spider
  9337 | Lair:1   | Entered Level 1 of the Lair of Beasts
  9363 | Lair:1   | Reached skill level 10 in Shields
  9441 | Lair:1   | Noticed a boulder beetle
  9456 | Lair:1   | Killed a boulder beetle
  9649 | Lair:1   | Reached skill level 1 in Evocations
  9963 | Lair:1   | Identified the +0 robe of Okawaru, Sharing {*Slow Str+6}
 10217 | Lair:2   | Found a hole to the Spider Nest.
 10448 | Lair:2   | Noticed Erica
 10455 | Lair:2   | Killed Erica
 10493 | Lair:2   | Reached skill level 5 in Evocations
 11022 | Lair:2   | Noticed Urug
 11033 | Lair:2   | Killed Urug
 11260 | Lair:2   | Reached XP level 12. HP: 83/96 MP: 15/15
 11584 | Lair:3   | Noticed a death yak
 11584 | Lair:3   | Noticed a death yak
 11585 | Lair:3   | Noticed a death yak
 11864 | Lair:3   | Found a staircase to the Swamp.
 11915 | Lair:3   | Noticed Sonja
 11920 | Lair:3   | Sonja changed into Sonja the bullfrog
 11920 | Lair:3   | Noticed Sonja
 11927 | Lair:3   | Killed Sonja the bullfrog
 11945 | Lair:3   | Reached skill level 1 in Maces & Flails
 12260 | Lair:3   | Noticed a four-headed hydra
 12268 | Lair:3   | Killed a four-headed hydra
 12748 | Lair:3   | Killed a death yak
 12751 | Lair:3   | Killed a death yak
 12758 | Lair:3   | Killed a death yak
 13018 | Lair:4   | Reached skill level 5 in Maces & Flails
 13764 | Lair:4   | Noticed an eight-headed hydra
 13770 | Lair:4   | Killed an eight-headed hydra
 13771 | Lair:4   | Reached XP level 13. HP: 77/107 MP: 16/16
 14194 | Lair:5   | Entered Level 5 of the Lair of Beasts
 14239 | Lair:5   | Found a staircase to the Slime Pits.
 14415 | Lair:5   | Reached skill level 10 in Maces & Flails
 14426 | Lair:5   | HP: 2/107 [spore (17)]
 14426 | Lair:5   | Engulfed by a cloud of flame

Illustrated notes

Levels and vault maps discovered:
D:1:      elethiomel_arrival_infinity_welcomes_careful_drivers, layout_basic
D:2:      layout_rooms, basic_altar, kennysheep_generic_room_16
D:3:      layout_basic, nicolae_tso_besieged_by_evil,
          mainiacjoe_overflow_catwalk_spiral, gammafunk_ghost_gnarly_gnolls,
          kennysheep_generic_room_6
D:4:      layout_loops_cross, elyvilon_altar_3, minmay_overflow_temple_hex,
          minmay_temple_entry_antechambers, kennysheep_generic_room_12
D:5:      layout_rooms, ebering_ghost_sewer_d, uniq_edmund
D:6:      layout_rooms, uniq_pikel
D:7:      layout_basic
D:8:      layout_basic, mainiacjoe_overflow_boulevard
D:9:      minmay_sliced_demisemicircle, layout_cross, general_overflow_altar,
          due_lair_maze_entry_diamond, chequers_serial_rivers_micro_a
D:10:     layout_basic, lemuel_crystal_altar, fedhas_altar_1,
          trog_butcher_becter, nicolae_trove_entry_crossroad,
          nicolae_rejected_hall
Temple:   nicolae_temple_bog_church
Lair:1:   layout_chaotic_city, infiniplex_staircase_pool_2
Lair:2:   layout_chaotic_city, dummy_spider_entry, lemuel_old_faithful,
          grunt_megastairs_5, uniq_erica, uniq_urug
Lair:3:   layout_gridlike, minmay_swamp_entry_worms, serial_bayou_shore_a,
          uniq_sonja
Lair:4:   layout_roguey, columned_hall_lemuel, serial_bayou_shore_b,
          serial_bayou_shore_b
Lair:5:   guppyfry_lair_end_dragon, layout_gridlike,
          minmay_slime_entry_jelly_boxes, uniq_kirke

Skill      XL: |  1  2  3  4  5  6  7  8  9 10 11 12 13 |
---------------+----------------------------------------+-----
Axes           | 3 4 5 6 7 9 11 14 16 | 16.0
Dodging        | 6 8 |  8.0
Fighting       | 4 6 8 |  8.0
Armour         | 4 6 8 |  8.0
Shields        | 4 7 10 | 10.0
Invocations    | 4 5 |  5.7
Evocations     | 6 8 |  8.0
Maces & Flails | 8 10 | 10.7

Action                   |  1- 3 |  4- 6 |  7- 9 | 10-12 | 13-15 || total
-------------------------+-------+-------+-------+-------+-------++-------
Melee: War axe           |    66 |    71 |   178 |   215 |       ||   530
       Headbutt          |     5 |     9 |    32 |    90 |    19 ||   155
       Eveningstar       |       |       |       |   165 |    63 ||   228
Throw: Stone             |       |    15 |       |       |       ||    15
       Javelin           |       |       |       |    11 |     7 ||    18
       Boomerang         |       |       |       |     7 |       ||     7
Evoke: Wand              |       |       |       |     4 |     2 ||     6
  Use: Potion            |       |     1 |     8 |     6 |       ||    15
       Scroll            |       |       |    11 |     5 |     2 ||    18
 Stab: Distracted        |       |       |       |     3 |       ||     3
Armor: Scale mail        |     8 |       |       |       |       ||     8
       Chain mail        |    22 |    10 |       |       |       ||    32
       Skin              |       |    31 |       |       |       ||    31
       Plate armour      |       |    22 |   105 |   199 |    36 ||   362
Dodge: Dodged            |     8 |    18 |    57 |   166 |    20 ||   269
Block: Buckler           |    16 |    23 |    38 |       |       ||    77
       Kite shield       |       |       |     8 |   321 |    67 ||   396
       Reflection        |       |       |       |     3 |       ||     3

Table legend: (Time is in decaauts)
 A = Elapsed time spent in this place.
 B = Non-inter-level travel time spent in this place.
 C = Inter-level travel time spent in this place.
 D = Time resting spent in this place.
 E = Time spent auto-exploring this place.
 F = Levels seen in this place.
 G = Mean time per level.
                   A        B        C        D        E       F      G
               +--------+--------+--------+--------+--------+-----+--------+
         Total |  14569 |  13759 |    810 |      2 |  11310 |  16 |  910.6 |
       Dungeon |   9244 |   8604 |    640 |      2 |   7060 |  10 |  924.4 |
        Temple |    204 |    188 |     16 |      0 |    181 |   1 |  204.0 |
          Lair |   5120 |   4966 |    154 |      0 |   4068 |   5 | 1024.0 |
               +--------+--------+--------+--------+--------+-----+--------+

Top non-repeatable levels by time:
  Lair:2: 1576 daAuts
     D:9: 1316 daAuts
  Lair:4: 1235 daAuts
  Lair:3: 1214 daAuts
     D:8: 1192 daAuts
     D:7: 1059 daAuts
     D:1: 1047 daAuts
     D:4: 940 daAuts
     D:3: 884 daAuts
  Lair:1: 861 daAuts
     D:5: 836 daAuts
     D:6: 708 daAuts
    D:10: 705 daAuts
     D:2: 552 daAuts
  Lair:5: 231 daAuts
